Map: Old Republic LE

Players

DnS - Winner!

  • Race: Protoss Protoss
  • Spawn Location: 7:00

Mixu

  • Race: Zerg Zerg
  • League: Grandmaster
  • Spawn Location: 1:00

VOD

Have the link to the VOD?

Description

Time

  • Played on: Dec. 5, 2025, 8:43 a.m.
  • Length: 12:09
Show
View Real Time Build Order
Export as new Build Order

DnS Protoss - Winner!

Build Orders: 1 Gate Expand, Oracle Opening, Archon Immortal 

Get SALT Encoding   

  12  0:00  Probe  
  13  0:12  Probe  
  14  0:18  Pylon  
  14  0:24  Probe  
  15  0:32  Probe  
  15  0:37  Gateway  
  15  0:40  Probe  
  16  0:46  Assimilator  
  17  0:51  Probe  
  18  1:03  Probe  
  19  1:15  Probe  
  20  1:24  Nexus  
  20  1:34  Cybernetics Core  
  20  1:37  Probe  
  21  1:45  Assimilator  
  21  1:49  Probe  
  21  1:52  Pylon  
  22  1:59  Probe  
  22  2:00  Adept  
  22  2:07  Probe  
  23  2:15  Stargate  
  26  2:16  Probe  
  27  2:25  Warp Gate  
  27  2:27  Probe  
  28  2:32  Adept  
  28  2:33  Probe  
  31  2:40  Probe  
  31  2:41  Probe  
  32  2:50  Oracle  
  32  2:51  Probe  
  33  2:52  Probe  
  38  3:03  Adept, Probe  
  38  3:04  Probe  
  42  3:10  Pylon  
  42  3:15  Probe  
  42  3:16  Probe  
  42  3:19  Gateway  
  44  3:22  Oracle  
  44  3:27  Probe  
  44  3:28  Probe  
  49  3:44  Nexus  
  49  3:48  Pylon  
  49  3:50  Probe  
  49  3:51  Probe  
  51  4:02  Probe  
  52  4:03  Probe  
  52  4:06  Oracle  
  52  4:07  Pylon  
  56  4:14  Adept x2  
  56  4:15  Probe x2  
  62  4:20  Assimilator  
  62  4:22  Assimilator  
  62  4:28  Probe x2  
  62  4:30  Robotics Facility  
  64  4:38  Adept  
  66  4:39  Stalker  
  66  4:40  Probe  
  66  4:41  Probe  
  70  4:46  Pylon  
  70  4:54  Probe x2  
  70  4:55  Probe  
  73  5:02  Shield Battery, Probe  
  73  5:03  Probe x2  
  76  5:11  Probe x2  
  76  5:12  Probe  
  74  5:18  Observer  
  74  5:22  Probe x2  
  74  5:25  Probe  
  74  5:26  Robotics Bay  
  77  5:29  Immortal, Zealot  
  77  5:30  Zealot  
  77  5:34  Probe x2  
  79  5:37  Probe  
  79  5:39  Robotics Facility  
  79  5:42  Pylon  
  84  5:46  Probe x2  
  84  5:48  Assimilator  
  84  5:49  Probe  
  85  5:50  Assimilator  
  85  5:51  Pylon  
  85  5:53  Twilight Council, Forge  
  85  5:55  Pylon  
  85  5:58  Probe  
  85  6:00  Probe  
  85  6:01  Probe  
  85  6:02  Pylon  
  88  6:05  Colossus  
  88  6:08  Protoss Ground Weapons Level 1  
  88  6:16  Colossus  
  94  6:25  Gateway  
  94  6:26  Gateway  
  94  6:27  Observer  
  94  6:29  Charge  
  94  6:30  Gateway  
  100  6:34  Extended Thermal Lance  
  100  6:37  Stalker  
  100  6:39  Gateway  
  102  6:51  Colossus  
  102  6:54  Gateway x2  
  102  6:55  Templar Archives  
  108  7:02  Immortal  
  108  7:09  Nexus  
  108  7:10  Pylon  
  112  7:20  Pylon  
  112  7:22  Zealot x4  
  118  7:23  Observer  
  118  7:27  Pylon  
  120  7:40  Pylon  
  120  7:41  Immortal  
  124  7:45  Immortal, Psionic Storm  
  128  7:52  Probe x3  
  128  7:53  Pylon, High Templar, Gateway  
  128  7:54  High Templar, Gateway  
  135  7:59  Pylon  
  135  8:04  Probe x2  
  137  8:06  Shield Battery  
  137  8:07  Protoss Ground Weapons Level 2  
  137  8:08  Shield Battery, Probe  
  137  8:12  Photon Cannon  
  138  8:15  Sentry  
  138  8:17  Zealot x3  
  142  8:22  Immortal x2  
  137  8:30  Probe  
  145  8:34  Probe x3  
  145  8:38  Probe  
  149  8:41  High Templar x2  
  149  8:43  Assimilator  
  149  8:45  Assimilator  
  149  8:46  Probe  
  155  8:54  Pylon  
  155  8:55  Pylon  
  155  8:58  Photon Cannon  
  155  8:59  Shield Battery  
  155  9:01  Immortal  
  159  9:03  Warp Prism  
  161  9:17  Gateway  
  161  9:18  High Templar  
  161  9:19  High Templar x3, Gateway  
  161  9:20  Gateway  
  161  9:22  Gateway  
  161  9:23  Archon x2  
  169  9:38  High Templar  
  169  9:39  Observer, High Templar  
  169  9:40  Observer  
  169  9:42  Archon  
  169  9:43  Zealot x4  
  183  9:48  Gateway x2  
  183  9:53  Photon Cannon  
  183  9:54  Photon Cannon  
  183  9:56  Photon Cannon  
  183  10:08  High Templar x4  
  183  10:12  Archon x2  
  191  10:14  Zealot x4  
  171  10:36  Zealot x6  
  177  10:44  Zealot x9  
  194  11:08  Zealot  
  196  11:18  Pylon  
  170  11:49  Zealot x13  
  170  11:50  Zealot  
Show
View Real Time Build Order
Export as new Build Order

Mixu Zerg 

Build Orders: Hatch First, Lurkers, Roach Hydra 

Get SALT Encoding   

  12  0:00  Drone  
  13  0:09  Drone  
  14  0:15  Extractor  
  14  0:16  Drone  
  15  0:21  Overlord  
  15  0:41  Drone  
  16  0:45  Hatchery  
  15  0:50  Drone  
  15  0:53  Drone  
  15  0:56  Drone  
  18  1:07  Extractor  
  17  1:12  Spawning Pool  
  17  1:15  Drone  
  17  1:17  Drone  
  18  1:26  Drone  
  19  1:37  Drone  
  20  1:48  Drone  
  21  1:59  Queen x2  
  21  2:01  Overlord, Zergling x2  
  27  2:08  Drone  
  27  2:09  Drone  
  27  2:12  Metabolic Boost  
  28  2:20  Drone x2  
  30  2:29  Drone  
  31  2:32  Drone  
  32  2:37  Hatchery  
  32  2:40  Drone  
  32  2:44  Overlord  
  32  2:50  Queen  
  34  2:53  Drone  
  34  2:55  Zergling x2  
  36  3:03  Drone  
  36  3:04  Drone  
  38  3:08  Drone x2  
  38  3:09  Overlord  
  38  3:10  Drone x2  
  43  3:12  Drone  
  43  3:16  Drone  
  44  3:27  Queen  
  44  3:29  Queen, Drone  
  49  3:37  Overlord  
  49  3:38  Spore Crawler  
  49  3:40  Drone x3  
  51  3:44  Drone  
  52  3:49  Overlord  
  52  3:50  Drone x3  
  52  3:52  Drone  
  56  3:59  Drone x2  
  56  4:01  Spore Crawler  
  56  4:02  Drone x3  
  60  4:03  Drone  
  61  4:11  Drone x4  
  61  4:15  Drone  
  61  4:17  Roach Warren  
  65  4:18  Drone  
  65  4:23  Extractor, Spore Crawler  
  62  4:25  Overlord  
  62  4:27  Drone x2  
  64  4:31  Lair  
  64  4:38  Drone x5  
  64  4:41  Zergling x4  
  64  4:44  Zergling x4  
  73  4:49  Zergling x6  
  73  4:51  Zergling x6  
  79  4:52  Extractor  
  79  4:59  Overlord  
  77  5:01  Zergling x4  
  77  5:06  Drone  
  80  5:11  Spore Crawler  
  75  5:15  Overlord  
  75  5:18  Drone x7, Spore Crawler  
  79  5:23  Drone x2  
  79  5:30  Extractor, Drone  
  79  5:34  Drone x5  
  78  5:38  Glial Reconstitution  
  78  5:40  Hydralisk Den  
  78  5:41  Extractor  
  78  5:42  Evolution Chamber  
  75  5:43  Extractor, Drone x3  
  75  5:48  Drone x2  
  79  5:50  Overseer  
  79  5:51  Hatchery  
  79  5:54  Drone x3  
  81  6:05  Extractor  
  81  6:07  Zergling x4  
  82  6:12  Zerg Missile Weapons Level 1, Grooved Spines  
  82  6:15  Drone  
  82  6:18  Hydralisk x3  
  89  6:26  Roach x5, Hatchery  
  98  6:35  Overlord  
  98  6:36  Overlord x2  
  98  6:37  Infestation Pit  
  97  6:40  Overlord  
  97  6:45  Lurker Den, Extractor  
  95  6:48  Roach, Extractor  
  95  6:53  Overlord  
  96  7:01  Hatchery  
  96  7:02  Roach x13  
  121  7:09  Roach x4  
  129  7:18  Hive, Drone x5  
  134  7:23  Drone  
  134  7:26  Drone x3  
  138  7:35  Drone x6  
  143  7:37  Overlord x5  
  143  7:43  Overlord  
  143  7:49  Overlord  
  143  7:56  Hydralisk x8  
  159  8:05  Hydralisk x3, Lurker x3  
  162  8:11  Hydralisk, Drone  
  171  8:13  Zerg Missile Weapons Level 2, Spore Crawler  
  168  8:22  Hydralisk x4  
  168  8:25  Lurker  
  168  8:26  Lurker  
  176  8:31  Seismic Spines  
  176  8:34  Drone x2  
  178  8:42  Extractor, Lurker x2  
  178  8:47  Drone x2  
  181  8:50  Extractor  
  181  8:52  Drone x3  
  181  8:54  Muscular Augments  
  183  8:58  Lurker x2  
  185  9:05  Overseer  
  185  9:08  Pneumatized Carapace  
  185  9:12  Nydus Network  
  185  9:13  Drone  
  185  9:14  Drone x8  
  185  9:15  Spine Crawler  
  192  9:19  Lurker  
  192  9:20  Lurker x2  
  195  9:29  Spine Crawler, Lurker x2  
  195  9:31  Spine Crawler  
  195  9:32  Spine Crawler  
  195  9:33  Spore Crawler  
  195  9:34  Viper  
  196  9:47  Overseer  
  196  9:48  Overseer  
  196  9:51  Hydralisk  
  198  9:53  Overseer  
  198  10:00  Adaptive Talons  
  198  10:12  Overseer  
  198  10:18  Zergling x2  
  199  10:26  Hydralisk x8, Drone  
  198  10:31  Hydralisk x3  
  173  10:35  Hydralisk x7  
  173  10:36  Hydralisk x6  
  173  10:39  Roach x4  
  193  10:44  Roach x4  
  193  10:48  Hydralisk x2  
  196  10:52  Overlord  
  196  10:53  Overlord x2  
  191  11:03  Lurker x3  
  189  11:06  Unknown  
  189  11:09  Nydus Canal  
  186  11:13  Hydralisk x7  
  186  11:17  Hatchery  
  195  11:21  Lurker x2  
  195  11:24  Spine Crawler  
  193  11:27  Nydus Canal, Spore Crawler  
  193  11:28  Spore Crawler  
  187  11:36  Hydralisk x4  
  187  11:37  Hydralisk x2  
  199  11:45  Hydralisk x3  
  184  11:48  Roach x3  
Tags
 
Add a new tag
Caveats
  • Supply blocks, unpowered buildings, or Contaminate may cause inaccurate times.
  • Supply counts are checked every 10 seconds.